 Dungeon Crawl Stone Soup version bcrawl-1.23 (webtiles) character file.

Game seed: 7379296663642123737

42 LichieLich the Slasher (level 3, -1/23 HPs)
             Began as a Skeleton Reaver on May 29, 2020.
             Was a Follower of Vehumet.
             Shot with an arrow by a centaur (8 damage)
             ... on level 3 of the Dungeon.
             The game lasted 00:06:09 (1865 turns).

LichieLich the Slasher (Skeleton Reaver)            Turns: 1865, Time: 00:06:09

Health: -1/23      AC:  6    Str: 15 (17) XL:     3   Next: 33%
Magic:  0/8        EV: 12    Int: 12 (13) God:    Vehumet [*.....]
Gold:   128        SH:  0    Dex:  6 (7)  Spells: 8/9 levels left

rFire    x . .     SeeInvis .   d - +2 dagger (speed)
rCold    + + .     Gourm    .   (no shield)
rNeg     + + +     Faith    .   b - +0 steam dragon scales
rPois    ∞         Spirit   +   (no helmet)
rElec    +         Reflect  .   (no cloak)
rCorr    .         Harm     .   i - +0 pair of gloves
MR       .....                  (no boots)
Stlth    +.........             (no amulet)
HPRegen  0.07/turn              l - ring of ice
MPRegen  0.11/turn              e - ring of insulation

@: no status effects
A: no food or potions, cold resistance 1, deterioration 1, negative energy
resistance 3, torment resistance, unbreathing, magic shield, sturdy frame 1,
spell healing
a: Renounce Religion


You were on level 3 of the Dungeon.
You worshipped Vehumet.
Vehumet was aware of your devotion.
You were not hungry.

You visited 1 branch of the dungeon, and saw 3 of its levels.

You collected 128 gold pieces.

Inventory:

Hand Weapons
 a - a +0 long sword
 d - a +2 dagger of speed (weapon)
Armour
 b - +0 steam dragon scales (worn)
 i - a +0 pair of gloves (worn)
Jewellery
 e - a ring of insulation (right hand)
 j - an uncursed amulet of rage
 l - a ring of ice (left hand)
Scrolls
 c - a scroll of immolation
 f - a scroll of fear
 g - a scroll of amnesia {unknown}
 h - a scroll of noise {unknown}
 k - a scroll of enchant armour {unknown}


   Skills:
 + Level 3.3 Fighting
 + Level 4.0 Long Blades
 + Level 1.2 Armour
 + Level 3.3 Dodging
 + Level 3.5 Spellcasting
 + Level 0.2 Ice Magic


You had 8 spell levels left.
You knew the following spells:

 Your Spells              Type           Power        Failure   Level  Hunger
a - Freeze                Ice            #.....       6%          1    N/A

Your spell library contained the following spells:

 Spells                   Type           Power        Failure   Level  Hunger
 Iskenderun's Battlesphe  Conj/Chrm      #.......     82%         5    N/A

Dungeon Overview and Level Annotations

Branches:
Dungeon (3/12)

Altars:
Fedhas
Nemelex Xobeh
Trog
Zin


Innate Abilities, Weirdness & Mutations

You do not eat or drink.
You are immune to poison.
Your flesh is cold resistant. (rC+)
Your body sometimes deteriorates upon taking damage.
You are immune to negative energy. (rN+++)
You are immune to unholy pain and torment.
You can survive without breathing.
When hurt, damage is shared between your health and your magic reserves.
Your movements are slightly less encumbered by armour. (ER -2)
Casting spells heals you.


Message History

There is a stone staircase leading down here.
You start resting.
Magic restored.
HP restored.
You start resting.
HP restored.
Okay, then.
You climb downwards.
The centaur shoots an arrow.
The arrow barely misses you.
The centaur shoots an arrow.
The arrow barely misses you.
There is a stone staircase leading up here.
The centaur shoots an arrow.
The arrow hits you!
Your body deteriorates!
You feel weakened.
The centaur shoots an arrow.
The arrow closely misses you.
The centaur shoots an arrow.
The arrow hits you!
You are too injured to fight recklessly!
You are too injured to fight recklessly!
The centaur shoots an arrow.
The arrow closely misses you.
There is a stone staircase leading up here.
The centaur shoots an arrow.
The arrow hits you!
You die...

########
......# #
#...#.# # #.
#...#.#.#
#..#...#.#.# ##
.$....... ..
#.#.#.###.###
#..@.........
#.#............
#..............
###............
#....c.......
#............
#............
######.......
.......


You could see a centaur.

Vanquished Creatures
  2 worms (D:2)
  A dart slug (D:1)
  4 leopard geckos
  A giant cockroach (D:2)
  4 goblins (D:1)
  2 hobgoblins
  3 kobolds
  A quokka (D:2)
  2 bats (D:1)
  2 frilled lizards
  8 rats
30 creatures vanquished.

Notes
Turn   | Place    | Note
-------+----------+-------------------------------------------
     0 | D:1      | LichieLich the Skeleton Reaver began the quest for the Orb.
     0 | D:1      | Reached XP level 1. HP: 14/14 MP: 4/4
   116 | D:1      | Reached XP level 2. HP: 19/19 MP: 6/6
   501 | D:1      | Reached skill level 1 in Armour
   722 | D:2      | Found a blossoming altar of Fedhas.
   916 | D:2      | Found a glowing silver altar of Zin.
   974 | D:2      | Reached XP level 3. HP: 23/23 MP: 7/7
  1136 | D:2      | Reached skill level 4 in Long Blades
  1143 | D:2      | Reached * piety under Vehumet
  1143 | D:2      | Offered knowledge of Freeze by Vehumet.
  1152 | D:2      | Learned a level 1 spell: Freeze
  1168 | D:2      | Found a sparkling altar of Nemelex Xobeh.
  1396 | D:2      | Found a bloodstained altar of Trog.
  1485 | D:3      | Noticed a centaur
  1491 | D:3      | HP: 1/23 [worm (1)]
  1865 | D:3      | Shot with an arrow by a centaur

Skill      XL: |  1  2  3 |
---------------+----------+-----
Armour         | 1 |  1.2
Long Blades    | 4 |  4.0
Fighting       | |  3.3
Dodging        | |  3.3
Spellcasting   | |  3.5
Ice Magic      | |  0.2

Action                   || total
-------------------------++-------
Melee: Long sword        ||    18
       Dagger            ||   101
 Cast: Freeze            ||    11
  Use: Scroll            ||     5
Armor: Steam dragon scal ||    26
Dodge: Dodged            ||    56
